 Dungeon Crawl Stone Soup version 0.20.0-10-g0535bb4 (webtiles) character file.

196 Gorglomux the Sneak (level 5, 0/41 HPs)
             Began as a Vampire Assassin on June 4, 2017.
             Slain by an adder (2 damage)
             ... on level 2 of the Dungeon.
             The game lasted 00:02:24 (1405 turns).

Gorglomux the Sneak (Vampire Assassin)              Turns: 1405, Time: 00:02:24

Health: 0/41       AC:  3    Str: 10    XL:     5   Next: 46%
Magic:  5/5        EV: 12    Int: 15    God:
Gold:   99         SH:  0    Dex: 15    Spells: 4/4 levels left

rFire    . . .     SeeInvis +   b - +0 blowgun
rCold    . . .     Gourm    .   (no shield)
rNeg     . . .     Faith    .   c - +0 robe
rPois    .         Spirit   .   (no helmet)
rElec    .         Reflect  .   d - +0 cloak
rCorr    .         Harm     .   (no gloves)
MR       .....                  (no boots)
Stlth    ++++......             (no amulet)
Regen    0.4/turn               (no ring)
MPRegen  0.1/turn               (no ring)

@: lethally poisoned (0 -> -2), regenerating quickly
A: fangs 3, see invisible, unbreathing
a: no special abilities


You were on level 2 of the Dungeon.
You were full.

You visited 1 branch of the dungeon, and saw 2 of its levels.

You collected 99 gold pieces.

Inventory:

Hand Weapons
 a - a +2 dagger
 b - a +0 blowgun (weapon)
Missiles
 e - 15 poisoned needles (quivered)
Armour
 c - a +0 robe (worn)
 d - a +0 cloak (worn)
Scrolls
 r - a scroll of random uselessness {unknown}
 u - 2 scrolls of teleportation {unknown}
 v - a scroll of amnesia {unknown}
 x - 2 scrolls of identify {unknown}
 y - a scroll of remove curse {unknown}
Potions
 t - 5 potions of blood
 z - a potion of brilliance {unknown}


   Skills:
 + Level 3.3 Fighting
 + Level 4.0 Short Blades
 - Level 1.5 Throwing
 - Level 1.1 Dodging
 + Level 7.6 Stealth


You had 4 spell levels left.
You didn't know any spells.

Dungeon Overview and Level Annotations

Branches:
Dungeon (2/15)

Altars:


Innate Abilities, Weirdness & Mutations

Your natural rate of healing is unusually fast.
You have razor-sharp teeth.
You have supernaturally acute eyesight. (SInv)
You can survive without breathing.


Message History

You shoot a poisoned needle. The poisoned needle misses the adder.
The adder bites you.
* * * LOW HITPOINT WARNING * * *
You are lethally poisoned!
The adder poisons you!
Firing (i - inventory):
e - 17 poisoned needles (quivered)
Press: ? - help, Shift-Dir - straight line, f/p - adder
Aim: an adder (poisoned)
You shoot a poisoned needle.
The poisoned needle closely misses the adder.
* * * LOW HITPOINT WARNING * * *
You feel sick. The adder closely misses you.
Firing (i - inventory):
e - 16 poisoned needles (quivered)
Press: ? - help, Shift-Dir - straight line, f/p - adder
Aim: an adder (poisoned)
You shoot a poisoned needle.
The poisoned needle barely misses the adder.
* * * LOW HITPOINT WARNING * * *
You feel sick. The adder bites you.
You die...

#...........##..##..##
#..(.(......##..##..##
#####..............#..#...
#.................#....#..
#.##....>........#..##..#.
#.##............#...##$..#
#.#....)÷.######..........
#.#.....)S#...............
#.#......@'...............
#.........#....#..........
##........#....#..........
#.#......#†...#.........(
#.#......#....#..........
.........+..###
.#.##.....#....
#...............
##########.g...##


You could see an adder.

Vanquished Creatures
  Sigmund (D:2)
  An adder (D:2)
  A worm (D:2)
  A leopard gecko (D:1)
  A giant cockroach (D:1)
  5 goblins
  3 hobgoblins
  6 kobolds
  2 bats (D:2)
  2 frilled lizards
  4 rats
27 creatures vanquished.

Notes
Turn   | Place    | Note
-------+----------+-------------------------------------------
     0 | D:1      | Gorglomux the Vampire Assassin began the quest for the Orb.
     0 | D:1      | Reached XP level 1. HP: 16/16 MP: 1/1
   163 | D:1      | Reached skill level 6 in Stealth
   263 | D:1      | Reached XP level 2. HP: 9/22 MP: 2/2
  1011 | D:2      | Noticed Sigmund
  1235 | D:2      | Reached XP level 3. HP: 28/28 MP: 3/3
  1273 | D:2      | Killed Sigmund
  1273 | D:2      | Reached skill level 3 in Fighting
  1273 | D:2      | Reached skill level 7 in Stealth
  1273 | D:2      | Reached XP level 4. HP: 6/35 MP: 4/4
  1273 | D:2      | Reached XP level 5. HP: 7/41 MP: 5/5
  1405 | D:2      | HP: 2/41 [poisoned by an adder]
  1405 | D:2      | Slain by an adder

Skill      XL: |  1  2  3 |
---------------+----------+-----
Stealth        | 6 7 |  7.6
Fighting       | 2 3 |  3.3
Short Blades   | 4 |  4.0
Throwing       | |  1.5
Dodging        | |  1.1

Action                   |  1- 3 |  4- 6 || total
-------------------------+-------+-------++-------
Melee: Dagger            |    73 |     6 ||    79
       Bite              |     3 |     1 ||     4
 Fire: Blowgun           |    19 |     7 ||    26
  Use: Potion            |     7 |     4 ||    11
 Stab: Sleeping          |     3 |     1 ||     4
Armor: Robe              |    24 |     5 ||    29
       Skin              |    54 |       ||    54
Dodge: Dodged            |    47 |     5 ||    52
